AoeStats
← moon182

Nomad

509464459Analyzed
2v2 RM · 4d ago on Sep 26, 2026· 61m 26s· 4 players
Game mode
Random Map
Map size
176×176
Population
200
Speed
Normal
Resources
Standard
Victory
Conquest
Starting age
Dark Age
Ending age
Imperial Age
RankedLock teamsTeams togetherTeam positionsShared explorationLock speedFull tech treeHidden civsTurbo modeCheats
Victory
Defeat
🇩🇪 Celts · Germany
1329
+12
🇹🇷 Persians · Türkiye
1165
+18
🇦🇹 Malay · Austria
1235
-15
🇬🇧 Saxons · United Kingdom
1235
-15
moon182
4:47 Loom
14:38 Feudal Age
19:01 Castle Age
18:54 Forging
21:01 Wheelbarrow
20:12 Town Watch
20:52 Squires
22:40 Fishing Lines
23:35 Horse Collar
24:25 Town Patrol
25:09 Iron Casting
24:35 Scale Mail Armor
24:37 Gambesons
24:38 Arson
26:19 Hand Cart
26:16 Fletching
26:33 Double-Bit Axe
27:30 Bodkin Arrow
28:57 Chain Mail Armor
33:57 Imperial Age
33:32 Masonry
33:47 Ballistics
32:57 Clerical Recruitment
34:49 Elite Varangian Guard
36:01 Plate Mail Armor
37:39 Murder Holes
37:31 Arrowslits
42:30 Bracer
43:33 Hoardings
55:48 Heavy Plow
Motz
4:44 Loom
14:07 Feudal Age
17:06 Wheelbarrow
16:54 Double-Bit Axe
20:49 Castle Age
18:41 Fletching
20:59 Medium Warships
22:06 Hand Cart
23:06 Bodkin Arrow
26:30 Fishing Lines
27:30 Ballistics
32:25 Padded Archer Armor
32:54 Gillnets
35:31 Leather Archer Armor
35:32 Horse Collar
36:31 Crossbowman
37:16 Thumb Ring
42:20 Imperial Age
51:45 Chemistry
51:43 Heavy Plow
61:08 Light Cavalry
Fungus_Maximus
4:20 Loom
13:13 Feudal Age
13:39 Double-Bit Axe
13:47 Gold Mining
15:09 Fishing Lines
20:19 Castle Age
20:02 Wheelbarrow
19:13 Town Watch
20:49 Scale Barding Armor
20:55 Forging
21:06 Husbandry
21:14 Gillnets
21:45 Bow Saw
24:35 Iron Casting
25:32 Chain Barding Armor
26:29 Medium Warships
28:30 Careening
28:31 Clinker Construction
28:17 Light Cavalry
32:55 Hand Cart
36:00 Imperial Age
33:31 Gambesons
33:35 Arson
35:19 Scale Mail Armor
37:03 Conscription
36:10 Capped Ram
38:38 Elite Woad Raider
41:25 Heavy Warships
41:28 Heavy Scorpion
44:41 Onager
51:28 Chemistry
50:49 Ballistics
51:07 Chain Mail Armor
54:18 Plate Mail Armor
54:49 Blast Furnace
53:19 Siege Ram
58:38 Town Patrol
UnCLeMaRcH
5:39 Loom
14:30 Feudal Age
14:56 Double-Bit Axe
23:44 Castle Age
22:37 Forging
22:32 Scale Barding Armor
22:37 Horse Collar
23:26 Bloodlines
27:15 Iron Casting
34:24 Bow Saw
36:50 Stone Mining
36:51 Gold Mining
42:14 Chain Barding Armor
48:02 Imperial Age
47:44 Cavalier
48:25 Husbandry
56:42 Plate Barding Armor
Connection lost

Rejoining the realm…

Still unreachable

The connection could not be restored.

Session expired

The server has moved on; the page needs a fresh start.